 Dungeon Crawl Stone Soup version 0.28.0-53-g5a82cb258f (webtiles) character file.

Game seed: 12638230229960661583

2641 MiltankisOP the Carver (level 9, -3/65 HPs)
             Began as a Formicid Delver on July 12, 2022.
             Was an Initiate of Gozag.
             Killed by divine providence
             ... invoked by an orc priest
              (14 damage)
             ... on level 8 of the Dungeon.
             The game lasted 00:17:30 (8757 turns).

MiltankisOP the Carver (Formicid Delver)            Turns: 8757, Time: 00:17:31

Health: -3/65      AC: 13    Str: 22    XL:     9   Next: 93%
Magic:  9/9        EV:  9    Int:  9    God:    Gozag
Gold:   881        SH:  9    Dex: 12    Spells: 8/8 levels left

rFire   + + .      SeeInvis +   i - +0 long sword (drain)
rCold   + . .      Faith    .   s - +0 kite shield
rNeg    + . .      Spirit   .   q - +3 scale mail of Jigsaw {Rampage}
rPois   .          Reflect  .   (helmet unavailable)
rElec   .          Harm     .   y - +0 cloak
rCorr   .          Rampage  +   u - +0 pair of gloves
Will    .....                   (no boots)
Stlth   ++........              (no amulet)
HPRegen 0.20/turn               k - ring of Xom's Bemusement {rF++ rC+ rN+}
MPRegen 0.11/turn               (no ring)

@: gold aura
A: permanent stasis, dig shafts and tunnels, antennae 3, four strong arms
a: Dig, Shaft Self, Renounce Religion, Potion Petition, Call Merchant, Bribe
Branch


You were on level 8 of the Dungeon.
You worshipped Gozag.
Gozag was pleased with you.
You visited 2 branches of the dungeon, and saw 9 of its levels.

You collected 1324 gold pieces.
You spent 360 gold pieces at shops.
You paid 83 gold pieces to Gozag.

Inventory:

Hand Weapons
 a - a +0 falchion
 i - a +0 long sword of draining (weapon)
Missiles
 p - 7 javelins
Armour
 b - a +0 leather armour
 q - the +3 scale mail of Jigsaw (worn) {Rampage}
   (You bought it in a shop on level 2 of the Dungeon)

   Rampage:   It bestows one free step when moving towards enemies.
 s - a +0 kite shield (worn)
 u - a +0 pair of gloves (worn)
 y - a +0 cloak (worn)
Jewellery
 k - the ring of Xom's Bemusement (left hand) {rF++ rC+ rN+}
   (You found it on level 4 of the Dungeon)

   [ring of positive energy]

   rF:        It greatly protects you from fire.
   rC:        It protects you from cold.
   rN:        It protects you from negative energy.
 A - a ring of positive energy
Wands
 f - a wand of digging (7)
 v - a wand of iceblast (8)
 z - a wand of flame (13)
Scrolls
 c - 2 scrolls of fog
 d - 3 scrolls of magic mapping
 e - a scroll of identify
 g - 3 scrolls of vulnerability
 l - a scroll of immolation {unknown}
 m - 3 scrolls of teleportation
 r - a scroll of amnesia
 t - a scroll of enchant weapon
 w - a scroll of summoning {unknown}
 x - 2 scrolls of noise {unknown}
Potions
 h - 4 potions of mutation
 j - 2 potions of magic
 n - 4 potions of curing
 o - a potion of flight
 B - a potion of haste {unknown}


   Skills:
 - Level 3.8 Fighting
 - Level 10.0 Long Blades
 + Level 5.7 Armour
 - Level 2.3 Dodging
 - Level 6.5 Stealth
 + Level 6.3 Shields


You had 8 spell levels left.
You didn't know any spells.
Your spell library contained the following spells:

 Spells                   Type           Power      Damage    Failure   Level
 Foxfire                  Conj/Fire      0%         2x1d4     91%         1
 Slow                     Hex            0%         N/A       91%         1
 Sting                    Tmut/Pois      0%         1d3       91%         1
 Corpse Rot               Necr/Air       0%         N/A       97%         2
 Poisonous Vapours        Pois/Air       0%         N/A       97%         2
 Confusing Touch          Hex            0%         N/A       99%         3
 Conjure Flame            Conj/Fire      0%         6-21      99%         3
 Ignite Poison            Fire/Tmut/Pois 0%         N/A       99%         3
 Inner Flame              Hex/Fire       0%         N/A       99%         3
 Mephitic Cloud           Conj/Pois/Air  0%         N/A       99%         3
 Ozocubu's Armour         Ice            0%         N/A       99%         3
 Vampiric Draining        Necr           0%         2d6       99%         3
 Dispel Undead            Necr           0%         3d6       100%        4
 Flame Wave               Conj/Fire      0%         2d4       100%        4
 Olgreb's Toxic Radiance  Pois           0%         N/A       100%        4
 Freezing Cloud           Conj/Ice/Air   0%         6-21      100%        5
 Death Channel            Necr           0%         N/A       100%        6
 Ozocubu's Refrigeration  Ice            0%         4d5       100%        7


Dungeon Overview and Level Annotations

Branches:
Dungeon (8/15)             Temple (1/1) D:4
   Lair: D:8-11

Altars:
Ashenzari
Cheibriados
Dithmenos
Elyvilon
Fedhas
Gozag
Kikubaaqudgha
Makhleb
Nemelex Xobeh
Okawaru
Qazlal
Ru
Sif Muna
Trog
Uskayaw
Vehumet
Wu Jian
Xom
Zin
The Shining One

Shops:
D:1 *   D:2 [   D:3 :   D:4 =


Innate Abilities, Weirdness & Mutations

You cannot be hasted, slowed, berserked, paralysed or teleported.
You can dig through walls and to a lower floor.
You have a pair of large antennae on your head. (SInv)
Your four strong arms can wield two-handed weapons with a shield.


Message History

You closely miss the orc warrior.
The orc warrior is moderately wounded.
The orc warrior hits you with a +0 flail!
You hit the orc warrior but do no damage.
The orc warrior is moderately wounded.
The orc warrior hits you but does no damage.
You hit the orc warrior but do no damage.
The orc warrior is moderately wounded.
You block the orc warrior's attack.
You hit the orc warrior. You drain the orc warrior.
The orc warrior is severely wounded.
The orc warrior misses you.
You completely miss the orc warrior.
The orc warrior is severely wounded.
You block the orc warrior's attack.
You closely miss the orc warrior.
The orc warrior is severely wounded.
The orc warrior hits you with a +0 flail!
You hit the orc warrior but do no damage.
The orc warrior is severely wounded.
You block the orc warrior's attack.
You closely miss the orc warrior.
The orc warrior is severely wounded.
The orc warrior hits you but does no damage.
You completely miss the orc warrior.
The orc warrior is severely wounded.
You block the orc warrior's attack.
You hit the orc warrior. You drain the orc warrior.
The orc warrior is almost dead.
The orc warrior hits you with a +0 flail.
The orc priest mumbles some strange prayers to Beogh against you.
Beogh smites you!
* * * LOW HITPOINT WARNING * * *
You hit the orc warrior.
You kill the orc warrior!
You barely miss the orc wizard.
The orc priest calls down the wrath of Beogh upon you.
Beogh smites you!
You die...
Your body crumbles into a pile of gold.

#.# #....... #.#
#..####. #.# #..# #.
#.# #.# ##).# #.
#.#.#.# ##..)## ##
###.#.#.# #.###.#
#..Zo.#.# #.# #.# #o#
#.# #.###.# #@# #.#
##...##
####.#.###.###....#
...Z........##.###.##
#####.####..#.## ##.#
#. #.....# #.#### #
#.....# ##.....
##.....###.#####
#.........##
#.........#


You could see an orc priest (drained), an orc wizard (invisible) and a killer
bee zombie.

Vanquished Creatures
  Sigmund (D:6)
  3 ice beasts
  2 orc warriors
  A black bear (D:6)
  A sky beast (D:7)
  An ogre (D:5)
  A phantom (D:7)
  2 kobold brigands
  A bullfrog (D:8)
  A gnoll sergeant (D:5)
  2 scorpions
  A wyvern zombie (D:5)
  A water moccasin zombie (D:6)
  A water moccasin skeleton (D:6)
  A centaur zombie (D:6)
  4 hounds
  5 orc priests
  Crazy Yiuf (D:6)
  2 centaur skeletons
  A jelly (D:7)
  A bullfrog skeleton (D:6)
  A scorpion zombie (D:5)
  7 iguanas
  7 orc wizards
  10 gnolls
  9 adders
  A worm (D:2)
  A dart slug (D:1)
  18 orcs
  4 ball pythons
  7 endoplasms
  3 giant cockroaches
  9 goblins
  5 hobgoblins
  6 jackals (D:4)
  9 kobolds
  14 quokkas
  2 bats (D:1)
  9 frilled lizards
  11 rats
167 creatures vanquished.

Vanquished Creatures (others)
  21 plants (D:2)
21 creatures vanquished.

Grand Total: 188 creatures vanquished

Notes
Turn   | Place    | Note
-------+----------+-------------------------------------------
     0 | D:5      | MiltankisOP the Formicid Delver began the quest for the
                  | Orb.
     0 | D:5      | Reached XP level 1. HP: 18/18 MP: 1/1
    41 | D:5      | Noticed an ice beast
    51 | D:4      | Noticed an iguana
    65 | D:4      | Found Poih's Jewellery Boutique.
   289 | D:3      | Found Fiwn's Book Shoppe.
   321 | D:3      | Reached XP level 2. HP: 24/24 MP: 2/2
   332 | D:3      | Reached XP level 3. HP: 23/29 MP: 3/3
   361 | D:3      | You fall into a shaft and drop 2 floors!
   537 | D:4      | Reached XP level 4. HP: 20/37 MP: 4/4
   547 | D:4      | Identified the ring of Xom's Bemusement {rF++ rC+ rN+}
   899 | D:3      | Reached skill level 3 in Long Blades
   900 | D:3      | Reached XP level 5. HP: 31/42 MP: 5/5
  1093 | D:3      | Noticed an orc warrior
  1097 | D:3      | You fall into a shaft and drop 3 floors!
  1216 | D:6      | Reached skill level 4 in Long Blades
  1278 | D:6      | Noticed Sigmund
  1294 | D:6      | Killed Sigmund
  1295 | D:6      | Reached skill level 5 in Long Blades
  1295 | D:6      | Reached XP level 6. HP: 44/48 MP: 6/6
  1337 | D:6      | Reached skill level 6 in Long Blades
  1363 | D:6      | Reached XP level 7. HP: 7/53 MP: 7/7
  1749 | D:5      | Reached skill level 7 in Long Blades
  2669 | D:4      | Found a staircase to the Ecumenical Temple.
  2674 | Temple   | Entered the Ecumenical Temple
  2811 | Temple   | Became a worshipper of Gozag Ym Sagoz the Greedy
  2927 | D:4      | Found a burning altar of Makhleb.
  3019 | D:2      | Reached XP level 8. HP: 60/60 MP: 8/8
  3284 | D:2      | Found a stormy altar of Qazlal.
  3578 | D:2      | Reached skill level 8 in Long Blades
  3925 | D:2      | Found a faded altar of an unknown god.
  3952 | D:2      | Found Ydaeg's Antique Armour Emporium.
  3985 | D:2      | Bought a polished scale mail for 216 gold pieces
  3985 | D:2      | Identified the +3 scale mail of Jigsaw {Rampage} (You
                  | bought it in a shop on level 2 of the Dungeon)
  4461 | D:1      | Found Elo Wuol's Assorted Antiques.
  4598 | D:1      | Bought a kite shield for 144 gold pieces
  5287 | D:3      | HP: 3/60 [orc warrior/+0 scimitar (14)]
  5518 | D:3      | Reached skill level 9 in Long Blades
  5675 | D:3      | Found an ornate altar of the Wu Jian Council.
  5792 | D:3      | Found a broken altar of Ashenzari.
  6538 | D:5      | Reached skill level 10 in Long Blades
  6538 | D:5      | Reached skill level 1 in Armour
  6538 | D:5      | Reached skill level 1 in Shields
  6538 | D:5      | Reached XP level 9. HP: 63/65 MP: 9/9
  7606 | D:6      | Found a runed translucent door.
  7607 | D:6      | Noticed Crazy Yiuf
  7717 | D:6      | Killed Crazy Yiuf
  7964 | D:7      | Reached skill level 5 in Shields
  8112 | D:7      | Reached skill level 5 in Armour
  8568 | D:8      | Noticed a two-headed ogre
  8757 | D:8      | Killed from afar by an orc priest

Illustrated notes

Levels and vault maps discovered:
D:1:      dpeg_arrival_stone_temple_mockup, layout_basic, serial_shops, shop,
          due_unseen_surprise
D:2:      wad_woods_stonehenge, layout_loops_ring, serial_shops,
          nicolae_shop_trees, hellmonk_ecumenical_altar_run_dry,
          guppyfry_early_lair_pool
D:3:      layout_loops_ring, amcnicky_altar_gilded,
          mainiacjoe_overflow_boulevard, serial_shops, shop
D:4:      layout_basic, lightli_temple_of_fire, minmay_temple_entry_nine_rooms,
          serial_shops, shop_fountains
D:5:      layout_cave_pools
D:6:      layout_cave_pools, uniq_sigmund, uniq_crazy_yiuf_cottage
D:7:      layout_loops_ring
D:8:      layout_loops_ring, mainiacjoe_overflow_paths, old_standard_altar,
          special_room [special_room_orc], corexii_checkpoint_b
Temple:   minmay_crystal_spiral_temple

Skill      XL: |  1  2  3  4  5  6  7  8  9 |
---------------+----------------------------+-----
Dodging        | 2 |  2.3
Long Blades    | 3 5 6 7 10 | 10.0
Armour         | 1 5 |  5.7
Shields        | 1 6 |  6.3
Fighting       | |  3.8
Stealth        | |  6.5

Action                   |  1- 3 |  4- 6 |  7- 9 || total
-------------------------+-------+-------+-------++-------
Melee: Long sword        |    23 |    51 |   530 ||   604
       Punch             |       |     1 |     5 ||     6
 Abil: Shaft Self        |     1 |     1 |       ||     2
       Dig               |       |       |     1 ||     1
Evoke: Wand              |       |       |     1 ||     1
  Use: Scroll            |       |       |    10 ||    10
       Potion            |       |       |     3 ||     3
 Stab: Sleeping          |     3 |     1 |    20 ||    24
       Fleeing           |       |       |     1 ||     1
       Distracted        |       |       |     3 ||     3
Armor: Leather armour    |    11 |    12 |    18 ||    41
       Scale mail        |       |       |   155 ||   155
Dodge: Dodged            |    28 |    29 |   177 ||   234
Block: Kite shield       |       |       |   114 ||   114
